 Dungeon Crawl Stone Soup version 0.29.1-1-gd02db6906a (webtiles) character file.

Game seed: 12379355881177243748

63 dave1331 the Trooper (level 4, -3/41 HPs)
             Began as a Hill Orc Fighter on Oct 2, 2022.
             Was a Follower of Vehumet.
             Slain by a worm (9 damage)
             ... on level 3 of the Dungeon.
             The game lasted 00:10:08 (2823 turns).

dave1331 the Trooper (Hill Orc Fighter)             Turns: 2823, Time: 00:10:09

Health: -3/41      AC:  5    Str: 18    XL:     4   Next: 10%
Magic:  4/4        EV: 10    Int:  8    God:    Vehumet [*.....]
Gold:   70         SH:  4    Dex: 12    Spells: 3/3 levels left

rFire   . . .      SeeInvis .   j - +0 dagger (holy)
rCold   . . .      Faith    .   c - +0 buckler
rNeg    . . .      Spirit   .   f - +0 ring mail {rPois}
rPois   +          Reflect  .   (no helmet)
rElec   .          Harm     .   (no cloak)
rCorr   .          Rampage  .   (no gloves)
Will    .....                   (no boots)
Stlth   +.........              i - amulet of magic regeneration
HPRegen 0.13/turn               (no ring)
MPRegen 0.49/turn               (no ring)

@: no status effects
A: no striking features
a: Renounce Religion


You were on level 3 of the Dungeon.
You worshipped Vehumet.
Vehumet was aware of your devotion.
You visited 1 branch of the dungeon, and saw 3 of its levels.

You collected 70 gold pieces.

Inventory:

Hand Weapons
 a - a +0 war axe
 e - a +0 sling
 j - a +0 dagger of holy wrath (weapon)
 n - a +4 dagger
Missiles
 h - 25 stones (quivered)
Armour
 b - a +0 scale mail
 c - a +0 buckler (worn)
 f - a +0 ring mail of poison resistance (worn)
Jewellery
 i - an amulet of magic regeneration (around neck)
 q - a ring of poison resistance
Wands
 p - a wand of charming (2)
Scrolls
 g - a scroll of identify
 m - a scroll of summoning {unknown}
 r - a scroll of enchant weapon {unknown}
Potions
 d - a potion of might
 k - a potion of heal wounds
 l - a potion of attraction
 o - a potion of curing {unknown}
 s - a potion of mutation {unknown}


   Skills:
 + Level 4.4 Fighting
 + Level 0.7 Short Blades
 + Level 3.1 Axes
 + Level 0.9 Ranged Weapons
 + Level 3.8 Armour
 + Level 0.6 Dodging
 + Level 3.4 Shields


You had 3 spell levels left.
You didn't know any spells.
Your spell library contained the following spells:

 Spells                   Type           Power      Damage    Failure   Level
 Magic Dart               Conj           0%         1d3       69%         1
 Shock                    Conj/Air       0%         1d3       69%         1
 Stone Arrow              Conj/Erth      0%         3d7       96%         3
 Swiftness                Air            0%         N/A       96%         3
 Airstrike                Air            0%         2d(0-16)  100%        4
 Animate Armour           Summ/Erth      0%         N/A       100%        4
 Lehudib's Crystal Spear  Conj/Erth      0%         10d2      100%        8


Dungeon Overview and Level Annotations

Branches:
Dungeon (3/15)

Altars:
Vehumet


Message History

You hit the worm.
The worm is lightly wounded.
You hit the worm but do no damage.
The worm is lightly wounded.
The worm bites you.
You hit the worm but do no damage.
The worm is lightly wounded.
The worm bites you but does no damage.
You barely miss the worm. You hit the worm.
The worm is moderately wounded.
The worm bites you!
You hit the worm.
The worm is moderately wounded.
You barely miss the worm.
The worm is moderately wounded.
The worm barely misses you.
You barely miss the worm.
The worm is moderately wounded.
The worm bites you!
You hit the worm but do no damage.
The worm is lightly wounded.
You hit the worm.
The worm is moderately wounded.
The worm bites you but does no damage.
You barely miss the worm.
The worm is lightly wounded.
You hit the worm.
The worm is moderately wounded.
The worm bites you.
You hit the worm but do no damage.
The worm is moderately wounded.
The worm bites you!
* * * LOW HITPOINT WARNING * * *
You hit the worm but do no damage.
The worm is lightly wounded.
You hit the worm but do no damage.
The worm is lightly wounded.
The worm bites you!
You die...

#########
#..w@...#
#.#####.#
###.#####.#
.. ...##.#
#.##.##.#
#.......#
####.####
#.# #.####


You could see a worm.

Vanquished Creatures
  An adder (D:2)
  2 worms (D:2)
  A dart slug (D:1)
  An orc (D:2)
  7 endoplasms
  3 giant cockroaches
  A hobgoblin (D:1)
  4 jackals
  A quokka (D:3)
  3 ball pythons (D:1)
  2 bats
  A frilled lizard (D:1)
  7 goblins
  5 kobolds
  6 rats
45 creatures vanquished.

Notes
Turn   | Place    | Note
-------+----------+-------------------------------------------
     0 | D:1      | dave1331 the Hill Orc Fighter began the quest for the Orb.
     0 | D:1      | Reached XP level 1. HP: 19/19 MP: 1/1
   261 | D:1      | Reached skill level 4 in Fighting
   261 | D:1      | Reached XP level 2. HP: 27/27 MP: 2/2
   643 | D:1      | Found a faded altar of an unknown god.
   658 | D:1      | Prayed at the altar of an unknown god.
   658 | D:1      | Became a worshipper of Vehumet
   658 | D:1      | Reached * piety under Vehumet
   658 | D:1      | Offered knowledge of Magic Dart by Vehumet.
   753 | D:1      | Reached XP level 3. HP: 30/33 MP: 3/3
  2422 | D:2      | Reached XP level 4. HP: 31/41 MP: 4/4
  2823 | D:3      | Slain by a worm

Illustrated notes

Levels and vault maps discovered:
D:1:      dpeg_arrival_water_fire, layout_basic,
          ebering_ecumenical_altar_sacrificial
D:2:      layout_loops_corners
D:3:      layout_loops_cross

Skill      XL: |  1  2 |
---------------+-------+-----
Fighting       | 4 |  4.4
Axes           | 3 |  3.1
Short Blades   | |  0.7
Ranged Weapons | |  0.9
Armour         | |  3.8
Dodging        | |  0.6
Shields        | |  3.4

Action                   |  1- 3 |  4- 6 || total
-------------------------+-------+-------++-------
Melee: War axe           |    51 |       ||    51
       Dagger            |    46 |    47 ||    93
 Fire: Sling             |    42 |       ||    42
  Use: Scroll            |     1 |     2 ||     3
Armor: Ring mail         |    46 |    21 ||    67
       Scale mail        |     6 |       ||     6
Dodge: Dodged            |    73 |    25 ||    98
Block: Buckler           |    30 |     8 ||    38
